 Dungeon Crawl Stone Soup version 0.29-a0-559-g359e09b9d1 (webtiles) character file.

Game seed: 8105700774264839580

2128 DocClef the Covert (level 9, -1/74 HPs)
             Began as a Gnoll Delver on June 10, 2022.
             Slain by a sky beast (5 damage)
             ... on level 6 of the Dungeon.
             The game lasted 00:08:25 (6059 turns).

DocClef the Covert (Gnoll Delver)                   Turns: 6059, Time: 00:08:27

Health: -1/74      AC: 19    Str: 12    XL:     9   Next: 29%
Magic:  0/15       EV: 11    Int: 10    God:
Gold:   295        SH:  0    Dex: 17    Spells: 16/16 levels left

rFire   + . .      SeeInvis .   d - +1 flail (protect)
rCold   . . .      Faith    .   (no shield)
rNeg    + . .      Spirit   +   F - +0 scale mail
rPois   .          Reflect  .   l - +0 helmet
rElec   .          Harm     .   n - +2 cloak
rCorr   .          Rampage  .   u - +0 pair of gloves
Will    .....                   (no boots)
Stlth   +++.......              z - amulet of guardian spirit
HPRegen 0.22/turn               t - ring of positive energy
MPRegen 0.14/turn               (no ring)

@: under a protective aura, studying Shields, unable to read
A: fangs 1, strong nose, distributed training, fire resistance 1, inability to
read while threatened
a: no special abilities


You were on level 6 of the Dungeon.
You visited 1 branch of the dungeon, and saw 6 of its levels.
You also visited: Sewer.

You collected 295 gold pieces.

Inventory:

Hand Weapons
 d - a +1 flail of protection (weapon)
 h - a +2 dagger of venom
Armour
 b - a +0 leather armour
 l - a +0 helmet (worn)
 n - a +2 cloak (worn)
 u - a +0 pair of gloves (worn)
 F - a +0 scale mail (worn)
Jewellery
 t - a ring of positive energy (left hand)
 z - an amulet of guardian spirit (around neck)
Wands
 g - a wand of digging (3)
 m - a wand of mindburst (34)
 o - a wand of flame (32)
Scrolls
 a - a scroll of amnesia {unknown}
 c - a scroll of fog
 e - a scroll of fear
 k - 2 scrolls of immolation {unknown}
 r - 2 scrolls of enchant armour {unknown}
 s - 7 scrolls of teleportation {unknown}
 v - a scroll of vulnerability {unknown}
 x - a scroll of acquirement {unknown}
 y - 6 scrolls of identify {unknown}
 B - a scroll of silence {unknown}
Potions
 f - a potion of haste
 j - a potion of curing
 p - 2 potions of mutation
 q - a potion of might {unknown}
 w - 2 potions of flight {unknown}
 A - 4 potions of degeneration {unknown}
 C - a potion of attraction {unknown}
 D - a potion of berserk rage {unknown}
 E - a potion of brilliance {unknown}


   Skills:
 + Level 7.8 Fighting
 + Level 6.2 Short Blades
 + Level 4.1 Long Blades
 + Level 4.1 Axes
 + Level 4.1 Maces & Flails
 + Level 4.1 Polearms
 + Level 4.1 Staves
 + Level 4.1 Slings
 + Level 4.1 Bows
 + Level 4.1 Crossbows
 + Level 4.1 Throwing
 + Level 4.1 Armour
 + Level 6.2 Dodging
 + Level 10.4 Stealth
 + Level 5.6 Shields
 + Level 4.1 Unarmed Combat
 + Level 4.1 Spellcasting
 + Level 3.3 Conjurations
 + Level 3.3 Hexes
 + Level 3.3 Summonings
 + Level 3.3 Necromancy
 + Level 3.3 Translocations
 + Level 3.3 Transmutations
 + Level 3.3 Fire Magic
 + Level 3.3 Ice Magic
 + Level 3.3 Air Magic
 + Level 3.3 Earth Magic
 + Level 3.3 Poison Magic
 + Level 4.5 Invocations
 + Level 4.1 Evocations


You had 16 spell levels left.
You didn't know any spells.
Your spell library contained the following spells:

 Spells                   Type           Power      Damage    Failure   Level
 Freeze                   Ice            32%        1d5       30%         1
 Frozen Ramparts          Ice            16%        1d3       65%         3
 Portal Projectile        Hex/Tloc       16%        N/A       65%         3
 Tukima's Dance           Hex            8%         N/A       65%         3
 Fulminant Prism          Conj/Hex       4%         3d6       96%         4
 Hailstorm                Conj/Ice       8%         3d4       96%         4
 Iskenderun's Mystic Bla  Conj/Tloc      8%         2d4       96%         4
 Blade Hands              Tmut           4%         N/A       100%        5
 Lee's Rapid Deconstruct  Erth           4%         3d6*      100%        5


Dungeon Overview and Level Annotations

Branches:
Dungeon (6/15)              Sewer (visited)
 Temple: D:4-7

Altars:

Shops:
D:1 (

Annotations:
D:4 Grinder


Innate Abilities, Weirdness & Mutations

You have very sharp teeth.
Your uncanny sense of smell can sniff out nearby items.
Your experience applies equally to all skills.
Your flesh is heat resistant. (rF+)
You sometimes lose the ability to read scrolls when taking damage.


Message History

You barely miss the sky beast.
You bite the sky beast, but do no damage.
The sky beast is moderately wounded.
The sky beast hits you but does no damage.
You closely miss the sky beast.
The sky beast is moderately wounded.
You can read scrolls again.
The sky beast hits you but does no damage.
You hit the sky beast. You bite the sky beast.
The sky beast is moderately wounded.
The sky beast hits you but does no damage.
Unknown command.
You hit the sky beast.
The sky beast is moderately wounded.
The sky beast hits you but does no damage.
You closely miss the sky beast. You punch the sky beast.
The sky beast is heavily wounded.
The sky beast hits you.
* * * LOW HITPOINT WARNING * * *
The sky beast shocks you.
You feel threatened and lose the ability to read scrolls!
* * * LOW HITPOINT WARNING * * *
The sky beast barely misses you.
You closely miss the sky beast.
The sky beast is heavily wounded.
The sky beast hits you but does no damage.
You miss the sky beast.
The sky beast is heavily wounded.
The sky beast misses you.
You barely miss the sky beast.
You bite the sky beast, but do no damage.
The sky beast is heavily wounded.
The sky beast hits you but does no damage.
You thump the sky beast!
Your weapon exudes an aura of protection.
The sky beast is severely wounded.
The sky beast hits you.
* * * LOW HITPOINT WARNING * * *
The sky beast shocks you.
You die...

##...#..# ####.....
#.....######....##..
####....###.....#####.
#..#...#.....#### #.
##.#.......### ##
##.......### #
#.....#### ## ####.##
#. ##@# ####. #Y#####
###.... ##...[#
##...... ##....##
#....... #......#
##...... *#......#
##.......
#.......###........
#......###.........
##....<#......†....


You could see a sky beast.

Vanquished Creatures
  Sigmund (D:3)
  Edmund (D:5)
  3 water moccasins
  An orc warrior (D:6)
  2 black bears (D:6)
  2 ice beasts
  3 ogres (D:5)
  A phantom (D:6)
  A bullfrog (D:6)
  A necrophage (D:5)
  A gnoll sergeant (D:6)
  A scorpion (D:5)
  3 hounds
  An orc priest (D:6)
  2 iguanas
  Ijyb (D:3)
  2 orc wizards
  A hell rat (Sewer)
  Robin (D:3)
  5 gnolls (D:6)
  7 adders
  A river rat (D:6)
  2 worms
  16 orcs
  8 bats
  4 endoplasms
  3 giant cockroaches
  11 hobgoblins
  2 jackals (D:2)
  5 kobolds
  6 quokkas
  10 ball pythons
  4 frilled lizards
  13 goblins
  12 rats
138 creatures vanquished.

Notes
Turn   | Place    | Note
-------+----------+-------------------------------------------
     0 | D:5      | Reached skill level 9 in Stealth
     0 | D:5      | DocClef the Gnoll Delver began the quest for the Orb.
     0 | D:5      | Reached XP level 1. HP: 23/23 MP: 1/1
     6 | D:5      | Noticed a hound
    14 | D:5      | Reached XP level 2. HP: 29/29 MP: 2/2
    39 | D:5      | Reached skill level 1 in Invocations
    39 | D:5      | Reached XP level 3. HP: 29/35 MP: 2/4
    98 | D:5      | Noticed an ogre
    99 | D:5      | Noticed an ogre
   132 | D:4      | Noticed a water moccasin
   137 | D:4      | Killed a water moccasin
   138 | D:4      | Reached skill level 1 in Long Blades
   138 | D:4      | Reached skill level 1 in Axes
   138 | D:4      | Reached skill level 1 in Maces & Flails
   138 | D:4      | Reached skill level 1 in Polearms
   138 | D:4      | Reached skill level 1 in Staves
   138 | D:4      | Reached skill level 1 in Slings
   138 | D:4      | Reached skill level 1 in Bows
   138 | D:4      | Reached skill level 1 in Crossbows
   138 | D:4      | Reached skill level 1 in Throwing
   138 | D:4      | Reached skill level 1 in Armour
   138 | D:4      | Reached skill level 1 in Shields
   138 | D:4      | Reached skill level 1 in Unarmed Combat
   138 | D:4      | Reached skill level 1 in Spellcasting
   138 | D:4      | Reached skill level 1 in Conjurations
   138 | D:4      | Reached skill level 1 in Hexes
   138 | D:4      | Reached skill level 1 in Summonings
   138 | D:4      | Reached skill level 1 in Necromancy
   138 | D:4      | Reached skill level 1 in Translocations
   138 | D:4      | Reached skill level 1 in Transmutations
   138 | D:4      | Reached skill level 1 in Fire Magic
   138 | D:4      | Reached skill level 1 in Ice Magic
   138 | D:4      | Reached skill level 1 in Air Magic
   138 | D:4      | Reached skill level 1 in Earth Magic
   138 | D:4      | Reached skill level 1 in Poison Magic
   138 | D:4      | Reached skill level 1 in Evocations
   138 | D:4      | Reached XP level 4. HP: 41/41 MP: 4/6
   138 | D:4      | Reached XP level 5. HP: 47/47 MP: 4/7
   808 | D:4      | Noticed Grinder
   842 | D:3      | Reached XP level 6. HP: 53/53 MP: 8/8
   883 | D:3      | Noticed Robin
   926 | D:3      | Killed Robin
  1430 | D:3      | Noticed Sigmund
  1441 | D:3      | Killed Sigmund
  1442 | D:3      | Reached skill level 5 in Short Blades
  1442 | D:3      | Reached skill level 5 in Dodging
  1588 | D:3      | Noticed Ijyb
  1603 | D:3      | Killed Ijyb
  1604 | D:3      | Reached XP level 7. HP: 34/59 MP: 10/10
  3217 | D:1      | Found Seaf's Weapon Shoppe.
  3773 | D:5      | Reached skill level 10 in Stealth
  4304 | D:5      | Reached XP level 8. HP: 58/67 MP: 10/12
  4405 | D:5      | Noticed Edmund
  4412 | D:5      | Killed Edmund
  4795 | D:6      | Found a glowing drain.
  4814 | Sewer    | Entered a sewer
  5263 | D:6      | Reached skill level 5 in Shields
  5558 | D:6      | Reached XP level 9. HP: 70/72 MP: 12/14
  6045 | D:6      | Gained mutation: Your flesh is heat resistant. (rF+)
                  | [potion of mutation]
  6045 | D:6      | Gained mutation: You sometimes lose the ability to read
                  | scrolls when taking damage. [potion of mutation]
  6059 | D:6      | Slain by a sky beast

Illustrated notes

Levels and vault maps discovered:
D:1:      wheals_arrival_shading, layout_basic, serial_shops, shop
D:2:      layout_rooms
D:3:      layout_loops_cross, uniq_robin, uniq_ijyb, uniq_sigmund
D:4:      layout_basic, kennysheep_big_empty_room, roderic_malta_cross,
          minmay_checkerbox, uniq_grinder
D:5:      layout_loops_cross, uniq_edmund
D:6:      black_bear_nest_1, layout_cave_pods, portal_sewer_entry_b

Skill      XL: |  1  2  3  4  5  6  7  8  9 |
---------------+----------------------------+-----
Stealth        | 10 | 10.4
Invocations    | 1 2 3 4 |  4.5
Long Blades    | 1 2 3 4 |  4.1
Axes           | 1 2 3 4 |  4.1
Maces & Flails | 1 2 3 4 |  4.1
Polearms       | 1 2 3 4 |  4.1
Staves         | 1 2 3 4 |  4.1
Slings         | 1 2 3 4 |  4.1
Bows           | 1 2 3 4 |  4.1
Crossbows      | 1 2 3 4 |  4.1
Throwing       | 1 2 3 4 |  4.1
Armour         | 1 2 3 4 |  4.1
Shields        | 1 2 3 5 |  5.6
Unarmed Combat | 1 2 3 4 |  4.1
Spellcasting   | 1 2 3 4 |  4.1
Conjurations   | 1 2 3 |  3.3
Hexes          | 1 2 3 |  3.3
Summonings     | 1 2 3 |  3.3
Necromancy     | 1 2 3 |  3.3
Translocations | 1 2 3 |  3.3
Transmutations | 1 2 3 |  3.3
Fire Magic     | 1 2 3 |  3.3
Ice Magic      | 1 2 3 |  3.3
Air Magic      | 1 2 3 |  3.3
Earth Magic    | 1 2 3 |  3.3
Poison Magic   | 1 2 3 |  3.3
Evocations     | 1 2 3 4 |  4.1
Short Blades   | 5 6 |  6.2
Dodging        | 5 6 |  6.2
Fighting       | 7 |  7.8

Action                   |  1- 3 |  4- 6 |  7- 9 || total
-------------------------+-------+-------+-------++-------
Melee: Short sword       |    12 |   101 |       ||   113
       Bite              |     1 |    15 |    40 ||    56
       Punch             |       |     4 |    10 ||    14
       Dagger            |       |    39 |   348 ||   387
       Flail             |       |       |    13 ||    13
  Use: Potion            |       |     1 |     3 ||     4
       Scroll            |       |       |     1 ||     1
 Stab: Sleeping          |     3 |     8 |    31 ||    42
       Distracted        |       |       |     1 ||     1
Armor: Leather armour    |     2 |    35 |    39 ||    76
       Skin              |       |     6 |       ||     6
       Scale mail        |       |       |    91 ||    91
Dodge: Dodged            |     8 |    78 |   183 ||   269

Table legend: (Time is in decaauts)
 A = Elapsed time spent in this place.
 B = Non-inter-level travel time spent in this place.
 C = Inter-level travel time spent in this place.
 D = Time resting spent in this place.
 E = Time spent auto-exploring this place.
 F = Levels seen in this place.
 G = Mean time per level.
                   A        B        C        D        E       F      G
               +--------+--------+--------+--------+--------+-----+--------+
         Total |   5952 |   5773 |    179 |    829 |   3668 |   7 |  850.3 |
       Dungeon |   5774 |   5595 |    179 |    829 |   3535 |   6 |  962.3 |
         Sewer |    178 |    178 |      0 |      0 |    132 |   1 |  178.0 |
               +--------+--------+--------+--------+--------+-----+--------+

Top non-repeatable levels by time:
     D:4: 1517 daAuts
     D:6: 1169 daAuts
     D:5: 1032 daAuts
     D:1: 871 daAuts
     D:3: 812 daAuts
     D:2: 370 daAuts
   Sewer: 178 daAuts
